 Dungeon Crawl Stone Soup version 0.18.1-5-g4a78601 (webtiles) character file.

2517 oplop the Epochal (level 9, 0/58 HPs)
             Began as an Octopode Ice Elementalist on May 13, 2016.
             Was an Elder of Cheibriados.
             Slain by a troll (9 damage)
             ... on level 9 of the Dungeon.
             The game lasted 00:25:34 (8164 turns).

oplop the Epochal (Octopode Ice Elementalist)       Turns: 8164, Time: 00:25:34

Health: 0/58       AC:  9    Str: 20 (22) XL:     9   Next: 54%
Magic:  14/18      EV: 16    Int: 28 (29) God:    Cheibriados [****..]
Gold:   290        SH:  0    Dex: 20 (22) Spells: 6 memorised, 1 level left

rFire  + . .     SeeInvis .     C - +1 rapier (drain)
rCold  . . .     Gourm    .     (no shield)
rNeg   . . .     Faith    .     E - +1 hat
rPois  +         Spirit   .     (no amulet)
rElec  .         Dismiss  .     e - ring of wizardry
rCorr  .         Reflect  .     A - +4 ring of strength
SustAt .         Harm     .     l - ring of stealth
MR     .....                    n - ring of protection from fire
Stlth  +++++.....               (no ring)
                                (no ring)
                                (no ring)
                                (no ring)

@: icy armour, very slow, not resistant to hostile enchantments, quite stealthy
A: almost no armour, amphibious, 8 rings, constrict 8, camouflage 1, high mp 1,
poison resistance, strong 1, gelatinous body 1
a: Bend Time, Temporal Distortion, Slouch, Renounce Religion


You were on level 9 of the Dungeon.
You worshipped Cheibriados.
Cheibriados was greatly pleased with you.
You were hungry.

You visited 1 branch of the dungeon, and saw 9 of its levels.

You collected 540 gold pieces.
You spent 250 gold pieces at shops.

Inventory:

Hand Weapons
 C - a +1 rapier of draining (weapon)
Missiles
 w - 15 tomahawks
 y - 2 javelins (quivered)
Armour
 E - a +1 hat (worn)
Jewellery
 e - a ring of wizardry (left tentacle)
 l - a ring of stealth (on tentacle)
 n - a ring of protection from fire (on tentacle)
 A - a +4 ring of strength (right tentacle)
Wands
 v - a wand of lightning (9/15)
 z - a wand of lightning (9/15)
Scrolls
 d - 12 scrolls of remove curse
 f - 5 scrolls of noise
 i - 3 scrolls of identify
 k - a scroll of teleportation
 m - 3 scrolls of random uselessness
 o - a scroll of recharging
 p - 3 scrolls of fear {unknown}
 r - 3 scrolls of enchant weapon {unknown}
 t - a scroll of fog
 u - 2 scrolls of magic mapping
 x - 2 scrolls of amnesia
Potions
 g - 2 potions of lignification
 G - a potion of curing
Books
 a - a book of Frost

   Spells                             Type                      Level
   a - Freeze                         Ice                          1
   b - Throw Frost                    Conjuration/Ice              2
   c - Ozocubu's Armour               Charms/Ice                   3
   d - Throw Icicle                   Conjuration/Ice              4
   e - Summon Ice Beast               Ice/Summoning                4
 s - a Young Poisoner's Handbook

   Spells                             Type                      Level
   a - Sting                          Conjuration/Poison           1
   b - Cure Poison                    Poison                       2
   c - Mephitic Cloud                 Conjuration/Poison/Air       3
   d - Olgreb's Toxic Radiance        Poison                       4
   e - Venom Bolt                     Conjuration/Poison           5
 D - a book of the Dragon

   Spells                             Type                      Level
   a - Flame Tongue                   Conjuration/Fire             1
   b - Cause Fear                     Hexes                        4
   c - Bolt of Fire                   Conjuration/Fire             6
   d - Dragon Form                    Transmutation                7
   e - Dragon's Call                  Summoning                    9
Comestibles
 b - 10 bread rations
 c - a beef jerky
 h - 6 meat rations
 q - 2 fruits
 H - 2 slices of pizza


   Skills:
 - Level 4.0 Fighting
 + Level 5.0 Dodging
 - Level 2.6 Stealth
 - Level 5.1 Spellcasting
 + Level 3.6 Conjurations
 - Level 1.1 Charms
 - Level 2.0 Summonings
 - Level 5.7 Ice Magic
 + Level 3.6 Air Magic
 + Level 5.9 Invocations


You had one spell level left.
You knew the following spells:

 Your Spells              Type           Power        Failure   Level  Hunger
a - Freeze                Ice            ####         1%          1    None
b - Throw Frost           Conj/Ice       ####..       1%          2    None
c - Ozocubu's Armour      Chrm/Ice       ####....     2%          3    #......
d - Summon Ice Beast      Ice/Summ       ####....     6%          4    ###....
e - Mephitic Cloud        Conj/Pois/Air  ###.....     4%          3    #......
f - Throw Icicle          Conj/Ice       ####....     4%          4    ###....


Dungeon Overview and Level Annotations

Branches:
Dungeon (9/15)             Temple (0/1) D:4
   Lair: D:8-11         Orc: D:9-12

Altars:
Cheibriados
Dithmenos
Elyvilon
Gozag
Kikubaaqudgha
Makhleb
Pakellas
Qazlal
Ru
Sif Muna
Trog
Vehumet
Xom
The Shining One

Shops:
D:4 =

Annotations:
D:8 Psyche


Innate Abilities, Weirdness & Mutations

You cannot wear most types of armour.
You are amphibious.
You can wear up to eight rings at the same time.
You can use your tentacles to constrict eight enemies at once.
Your skin changes colour to match your surroundings (Stealth).
Your rubbery body absorbs attacks (AC +1).
You have an increased reservoir of magic (+10% MP).
Your system is resistant to poisons.
Your muscles are strong. (Str +2)


Message History

Your Dodging skill increases to level 5!
You feel somewhat more hungry.
Cheibriados lowers the support of your attributes as your movement quickens.
Your ice beast hits the troll but does no damage.
The troll completely misses you. The troll closely misses you. x2
Unknown command.
Read which item? (? for menu, Esc to quit)
As you read the scroll labeled LAUMINKAUSK, it crumbles to dust.
The scroll dissolves into smoke.
It was a scroll of fog.
Your ice beast closely misses the troll.
The troll bites you!
* * * LOW HITPOINT WARNING * * *
The troll barely misses you. The troll misses you.
Drink which item? (? for menu, Esc to quit)
It was a potion of degeneration.
There was something very wrong with that liquid.
You feel weakened.
You feel dopey.
You feel clumsy.
Your ice beast hits the troll but does no damage.
The troll bites you!
You die...

#......# #......# #......#
#......# #......#
##########'#
##...###....####+####+####
#.........§§#.............
#.........§@#.%...<..?....
#.........§§T§)...........
#...........#Y)...........
#...........#)........(.h.
#...........#.)$..........
#...........#.............
##.##.#####.##..###.o.####
####.##.##.###### .r.#
#.............# .r.


You could see a troll and a friendly ice beast.

Vanquished Creatures
  A spriggan (D:7)
  A steam dragon (D:9)
  2 orc warriors
  A black bear (D:8)
  3 ice beasts
  A sky beast (D:9)
  An ogre (D:6)
  A centaur (D:5)
  A big kobold (D:7)
  2 scorpions
  A wyvern skeleton (D:6)
  2 crimson imps (D:8)
  2 jellies
  A hound (D:7)
  5 orc wizards
  4 orc priests
  Crazy Yiuf (D:3)
  A giant frog skeleton (D:4)
  An iguana (D:6)
  6 worker ants
  A hound skeleton (D:5)
  A worker ant zombie (D:7)
  10 gnolls
  7 adders
  3 shadow imps
  3 worms
  4 dart slugs
  7 giant geckos
  26 orcs
  6 giant cockroaches
  7 goblins
  6 hobgoblins
  5 jackals
  20 kobolds
  3 quokkas
  2 ball pythons
  9 bats
  A giant gecko zombie (D:5)
  5 giant newts
  3 rats (D:1)
167 creatures vanquished.

Vanquished Creatures (collateral kills)
  An orc warrior (D:5)
  A phantom (D:6)
  A jelly (D:5)
  2 orc wizards
  A gnoll shaman (D:5)
  An iguana (D:6)
  12 gnolls
  An adder (D:9)
  An adder zombie (D:6)
  14 orcs
  A giant cockroach (D:5)
36 creatures vanquished.

Vanquished Creatures (others)
  A giant newt (D:1)
  2 plants (D:1)
3 creatures vanquished.

Grand Total: 206 creatures vanquished

Notes
Turn   | Place    | Note
--------------------------------------------------------------
     0 | D:1      | oplop the Octopode Ice Elementalist began the quest for the Orb.
     0 | D:1      | Reached XP level 1. HP: 11/11 MP: 3/3
   173 | D:1      | Reached XP level 2. HP: 14/18 MP: 5/5
   210 | D:1      | Reached skill level 1 in Fighting
   692 | D:1      | Reached XP level 3. HP: 18/23 MP: 6/6
  1111 | D:2      | Learned a level 2 spell: Throw Frost
  1188 | D:2      | Learned a level 3 spell: Ozocubu's Armour
  1198 | D:2      | Reached XP level 4. HP: 24/29 MP: 5/8
  1427 | D:2      | Reached skill level 1 in Charms
  1918 | D:3      | Found a stormy altar of Qazlal.
  2112 | D:3      | Reached XP level 5. HP: 26/35 MP: 9/9
  2118 | D:3      | Learned a level 4 spell: Summon Ice Beast
  2118 | D:3      | Found a shadowy altar of Dithmenos.
  2190 | D:3      | Reached skill level 1 in Summonings
  2403 | D:3      | Noticed Crazy Yiuf
  2558 | D:3      | Found an opulent altar of Gozag.
  2575 | D:3      | Found an opulent altar of Gozag.
  3092 | D:3      | Killed Crazy Yiuf
  3275 | D:4      | namelastname112: блять сука
  3275 | D:4      | namelastname112: помолился на рандомном алтаре
  3275 | D:4      | namelastname112: КСОМ АКСЕПТС ЮР ПРЕЙЕР
  3275 | D:4      | oplop: норм
  3284 | D:4      | oplop: он мимо проходил
  3284 | D:4      | oplop: видит, октопод молится
  3284 | D:4      | oplop: ну он взял его и принял в свои последователи
  3322 | D:4      | Reached XP level 6. HP: 32/42 MP: 0/11
  3509 | D:4      | Gained mutation: Your system is resistant to poisons. [potion of mutation]
  3509 | D:4      | Gained mutation: You have an increased reservoir of magic (+10% MP). [potion of mutation]
  3509 | D:4      | Gained mutation: Your muscles are strong. (Str +2) [potion of mutation]
  3872 | D:4      | Found a snail-covered altar of Cheibriados.
  3917 | D:4      | Became a worshipper of Cheibriados the Contemplative
  3965 | D:4      | Found a staircase to the Ecumenical Temple.
  4262 | D:4      | Found Qiysyu's Jewellery Shoppe.
  4266 | D:4      | Bought an uncursed ring of protection from fire for 250 gold pieces
  4481 | D:4      | Found a deep blue altar of Sif Muna.
  4481 | D:4      | Found an ancient bone altar of Kikubaaqudgha.
  4483 | D:4      | Found a radiant altar of Vehumet.
  4488 | D:4      | Identified Sif Muna's Almanac of Shape Shifting
  4562 | D:4      | Reached XP level 7. HP: 41/47 MP: 7/13
  4647 | D:5      | Entered Level 5 of the Dungeon
  4758 | D:5      | Reached skill level 1 in Invocations
  4767 | D:5      | Reached * piety under Cheibriados
  5172 | D:5      | Found a glowing golden altar of the Shining One.
  5317 | D:5      | Reached ** piety under Cheibriados
  5428 | D:5      | Reached skill level 5 in Ice Magic
  5428 | D:5      | Reached XP level 8. HP: 48/54 MP: 16/16
  5553 | D:6      | Found a sacrificial altar of Ru.
  5966 | D:6      | Found a white marble altar of Elyvilon.
  5997 | D:6      | Reached skill level 5 in Spellcasting
  6021 | D:6      | Learned a level 3 spell: Mephitic Cloud
  6194 | D:7      | Found an oddly glowing altar of Pakellas.
  6233 | D:7      | Reached *** piety under Cheibriados
  6338 | D:7      | Found a glowing golden altar of the Shining One.
  6427 | D:7      | Reached skill level 1 in Air Magic
  6778 | D:7      | Noticed a spriggan baker
  6785 | D:7      | Killed a spriggan baker
  6844 | D:8      | Noticed Psyche
  6949 | D:8      | Found a burning altar of Makhleb.
  6950 | D:8      | Found a shimmering altar of Xom.
  6953 | D:8      | Reached XP level 9. HP: 58/58 MP: 16/18
  7078 | D:8      | Reached skill level 5 in Invocations
  7338 | D:9      | Noticed a troll
  7403 | D:9      | Reached **** piety under Cheibriados
  7507 | D:9      | Found a bloodstained altar of Trog.
  7603 | D:8      | Learned a level 4 spell: Throw Icicle
  8162 | D:9      | Reached skill level 5 in Dodging
  8164 | D:9      | Slain by a troll

Skill      XL: |  1  2  3  4  5  6  7  8  9 |
---------------+----------------------------+-----
Fighting       | 1 2 3 4 |  4.0
Charms         | 1 |  1.1
Spellcasting   | 3 4 5 |  5.1
Summonings     | 1 2 |  2.0
Ice Magic      | 4 5 |  5.7
Invocations    | 3 4 5 |  5.9
Dodging        | 4 5 |  5.0
Air Magic      | 2 3 |  3.6
Conjurations   | 2 3 |  3.6
Stealth        | |  2.6

Action                   |  1- 3 |  4- 6 |  7- 9 || total
-------------------------+-------+-------+-------++-------
Melee: Unarmed           |    71 |   121 |       ||   192
       Constrict         |    18 |    30 |    40 ||    88
       Tentacles         |    13 |    25 |    36 ||    74
       Rapier            |       |       |   137 ||   137
Throw: Javelin           |     4 |    20 |       ||    24
       Tomahawk          |       |     7 |       ||     7
 Cast: Freeze            |    11 |    42 |    23 ||    76
       Throw Frost       |       |    26 |    21 ||    47
       Summon Ice Beast  |       |     5 |    30 ||    35
       Ozocubu's Armour  |       |       |    14 ||    14
       Mephitic Cloud    |       |       |     5 ||     5
       Throw Icicle      |       |       |     1 ||     1
Invok: Bend Time         |       |       |     1 ||     1
       Slouch            |       |       |     1 ||     1
  Use: Potion            |       |     8 |     5 ||    13
       Scroll            |       |       |     9 ||     9
 Stab: Sleeping          |    11 |    13 |     4 ||    28
       Distracted        |       |       |     2 ||     2
       Confused          |       |       |     2 ||     2
  Eat: Chunk             |     1 |    12 |     5 ||    18
       Royal jelly       |       |       |     2 ||     2
       Fruit             |       |       |     2 ||     2
       Pizza             |       |       |     1 ||     1
Armor: Skin              |    11 |    17 |    38 ||    66
Dodge: Dodged            |    54 |    74 |   115 ||   243
